 Dungeon Crawl Stone Soup version 0.29-a0-356-g7bc237e783 (webtiles) character file.

Game seed: 6822727309416798186

539 spaghetti the Quickloader (level 7, -3/56 HPs)
             Began as a Gnoll Wanderer on Apr 26, 2022.
             Was an Initiate of Gozag.
             Succumbed to a hornet's poison
             ... on level 4 of the Dungeon.
             The game lasted 00:06:28 (3414 turns).

spaghetti the Quickloader (Gnoll Wanderer)          Turns: 3414, Time: 00:06:28

Health: -3/56      AC:  7    Str: 12    XL:     7   Next: 26%
Magic:  1/10       EV: 15    Int: 11    God:    Gozag
Gold:   312        SH:  5    Dex: 13    Spells: 7/10 levels left

rFire   . . .      SeeInvis .   a - +3 hand crossbow {crossbow}
rCold   . . .      Faith    .   b - +0 buckler
rNeg    . . .      Spirit   +   d - +0 leather armour
rPois   .          Reflect  .   (no helmet)
rElec   .          Harm     .   (no cloak)
rCorr   .          Rampage  .   (no gloves)
Will    .....                   (no boots)
Stlth   ++........              k - amulet of guardian spirit
HPRegen 0.18/turn               e - +4 ring of evasion
MPRegen 0.12/turn               w - +4 ring of protection

@: brilliant, lethally poisoned (-3 -> -13), attractive, slowed, invisible, very
slow
A: fangs 1, strong nose, distributed training
a: Renounce Religion, Potion Petition, Call Merchant, Bribe Branch


You were on level 4 of the Dungeon.
You worshipped Gozag.
Gozag was aware of your devotion.
You visited 1 branch of the dungeon, and saw 4 of its levels.
You also visited: Sewer.

You collected 678 gold pieces.
You paid 366 gold pieces to Gozag.


Innate Abilities, Weirdness & Mutations

You have very sharp teeth.
Your uncanny sense of smell can sniff out nearby items.
Your experience applies equally to all skills.


   Skills:
 + Level 5.2 Fighting
 + Level 2.3 Short Blades
 + Level 2.3 Long Blades
 + Level 2.3 Axes
 + Level 2.3 Maces & Flails
 + Level 2.3 Polearms
 + Level 2.3 Staves
 + Level 2.3 Slings
 + Level 2.3 Bows
 + Level 10.7 Crossbows
 + Level 2.3 Throwing
 + Level 3.5 Armour
 + Level 2.3 Dodging
 + Level 3.4 Stealth
 + Level 3.5 Shields
 + Level 2.3 Unarmed Combat
 + Level 2.3 Spellcasting
 + Level 1.9 Conjurations
 + Level 1.9 Hexes
 + Level 1.9 Summonings
 + Level 1.9 Necromancy
 + Level 1.9 Translocations
 + Level 1.9 Transmutations
 + Level 1.9 Fire Magic
 + Level 1.9 Ice Magic
 + Level 1.9 Air Magic
 + Level 1.9 Earth Magic
 + Level 1.9 Poison Magic
 + Level 2.6 Invocations
 + Level 2.3 Evocations


You had 7 spell levels left.
You knew the following spells:

 Your Spells              Type           Power      Damage    Failure   Level
a - Frozen Ramparts       Ice            16%        1d3       54%         3

Your spell library contained the following spells:

 Spells                   Type           Power      Damage    Failure   Level
 Freeze                   Ice            32%        1d5       22%         1
 Portal Projectile        Hex/Tloc       16%        N/A       54%         3
 Hailstorm                Conj/Ice       8%         3d4       91%         4
 Blade Hands              Tmut           4%         N/A       99%         5
 Excruciating Wounds      Necr           4%         N/A       99%         5

Inventory:

Hand Weapons
 a - a +3 hand crossbow (weapon) {crossbow}
Missiles
 g - 202 stones {throwing}
 l - 5 boomerangs {throwing}
 p - a boomerang of dispersal {=f!fthrowing}
 x - 2 poisoned darts {throwing}
Armour
 b - a +0 buckler (worn)
 d - a +0 leather armour (worn)
Magical Staves
 m - a staff of poison {!astaff}
   (You found it on level 1 of the Dungeon)
 y - a staff of earth {!astaff}
   (You found it on level 3 of the Dungeon)
Jewellery
 e - a +4 ring of evasion (left hand)
   (You found it on level 3 of the Dungeon)
 k - an amulet of guardian spirit (around neck)
   (You found it on level 1 of the Dungeon)
 t - a ring of poison resistance
   (You found it on level 2 of the Dungeon)
 u - a ring of positive energy
   (You found it on level 3 of the Dungeon)
 v - a ring of see invisible
   (You found it on level 3 of the Dungeon)
 w - a +4 ring of protection (right hand)
   (You found it on level 3 of the Dungeon)
Wands
 n - a wand of polymorph (6)
   (You found it on level 2 of the Dungeon)
 o - a wand of flame (17)
   (You found it on level 2 of the Dungeon)
Scrolls
 c - 2 scrolls of silence {!r}
 i - 3 scrolls of blinking {!r}
 q - a scroll of vulnerability {!r!r}
 r - a scroll of magic mapping {!r}
 s - a scroll of holy word {unknown}
 z - a scroll of summoning {unknown}
Potions
 A - a potion of attraction {!q}
 C - a potion of berserk rage {!q}
Miscellaneous
 D - a condenser vane
   (You found it in a sewer)

Dungeon Overview and Level Annotations

Branches:
Dungeon (4/15)              Sewer (visited)
 Temple: D:4-7

Altars:
Gozag
Makhleb
Trog

Annotations:
D:2 1 runed translucent door, Crazy Yiuf
D:3 3 exclusions

#..#...#.#.#.#...#.# #..## #
##.###..#.#.#..###.# #...##.
#....##.#.#.##..).####.....
#..#.#.#.#.#.#.#..........##
#. . ###...###.............#
## ..#.#...###.#####....##
##..###.#.#[#.#.###.#
###....#
.....##...###...##..#
##......## #.##.
.......gy@...###...##...##
..##....##........####...#
###.## ##......## ##... ∆ ##
#.....)..# ##.. #........##
##. #.........# ## $
#..........## #
#...####....## ##.. #.....##


You could see a hornet (can't see you) and a gnoll (can't see you).


Message History

Press: ? - help, Q - select action, (/) - cycle Shift-Dir - straight line, f/p - hornet
Aim: a hornet (almost dead, 58% to hit)
You shoot a bolt. The bolt hits the hornet.
You feel yourself speed up.
You feel sick. The hornet barely misses you. The hornet stings you.
You feel yourself slow down. 😮 HP[-3]
You take 3 damage, and now have 35/56 hp.
Shoot: a) +3 hand crossbow {crossbow}
Press: ? - help, Q - select action, (/) - cycle Shift-Dir - straight line, f/p - hornet
Aim: a hornet (almost dead, 58% to hit)
You shoot a bolt. The bolt barely misses the hornet.
The bolt hits the gnoll.
You feel sick. The hornet misses you. The hornet barely misses you. 😮 HP[-2]
You take 2 damage, and now have 33/56 hp.
Shoot: a) +3 hand crossbow {crossbow}
Press: ? - help, Q - select action, (/) - cycle Shift-Dir - straight line, f/p - hornet
Aim: a hornet (almost dead, 58% to hit)
You shoot a bolt. The bolt hits the hornet.
You feel yourself speed up.
You feel sick. The hornet stings you.
You are more poisoned.
You feel yourself slow down. The hornet stings you!
* * * LOW HITPOINT WARNING * * *
You feel as though you will be slow longer.
The gnoll closely misses you.
The hornet completely misses you. 😨 HP[-10] MP[-2]
You take 10 damage, and now have 23/56 hp.
You lost 2 mp, and now have 6/10 mp.
Okay, then. [a] - 460 gold - haste and resistance [b] - 330 gold - haste and heal wounds [c] - 560 gold - haste and resistance Purchase which effect?
You no longer have enough gold to petition Gozag for potion effects.
You feel yourself speed up.
You feel much better.
You feel very sick. You block the hornet's attack. The gnoll misses you.
The gnoll hits you from afar with a +0 halberd!
* * * LOW HITPOINT WARNING * * *
The hornet misses you. 😨 HP[-2] MP[-1]
You take 2 damage, and now have 21/56 hp.
You lost 1 mp, and now have 5/10 mp.
You feel sick. 😨 HP[-2]
You take 2 damage, and now have 19/56 hp.
The hornet attacks as you move away! The hornet stings you!
* * * LOW HITPOINT WARNING * * *
You feel as though you will be slow longer.
* * * LOW HITPOINT WARNING * * *
You feel sick. The hornet misses you. 😱 HP[-13] MP[-3]
You take 13 damage, and now have 6/56 hp.
MASSIVE DAMAGE!! (PAUSE)
You lost 3 mp, and now have 2/10 mp.
Okay, then.
It was a potion of cancellation.
Your magical effects are unravelling.
You feel magically purged.
You feel yourself speed up.
You feel yourself slow down.
* * * LOW HITPOINT WARNING * * *
You feel sick. The hornet barely misses you.
The gnoll hits you from afar with a +0 halberd.
* * * LOW HITPOINT WARNING * * *
😱 HP[-4] MP[-1]
You take 4 damage, and now have 2/56 hp.
You lost 1 mp, and now have 1/10 mp.
It was a potion of invisibility.
You fade into invisibility!
* * * LOW HITPOINT WARNING * * *
You feel sick. The hornet misses you. The gnoll closely misses you.
The hornet closely misses you.
It was a potion of curing.
You feel better. The hornet stings you.
* * * LOW HITPOINT WARNING * * *
You feel yourself slow down.
The gnoll completely misses you. 😱 HP[+6]
You regained 6 hp, and now have 8/56 hp.
It was a potion of attraction.
You feel attractive to monsters. The hornet stings you.
* * * LOW HITPOINT WARNING * * *
You feel as though you will be slow longer.
The hornet stings you.
* * * LOW HITPOINT WARNING * * *
You feel as though you will be slow longer.
The gnoll barely misses you. The hornet stings you.
* * * LOW HITPOINT WARNING * * *
You are lethally poisoned!
You feel as though you will be slow longer. 😱 HP[-7] MP[-1]
You take 7 damage, and now have 1/56 hp.
You lost 1 mp, and now have 0/10 mp.
It was a potion of brilliance.
You feel clever all of a sudden.
You die...
Your body crumbles into a pile of gold.

Skill      XL: |  1  2  3  4  5 |
---------------+----------------+-----
Crossbows      | | 10.7
Invocations    | 1 2 |  2.6
Short Blades   | 1 2 |  2.3
Long Blades    | 1 2 |  2.3
Axes           | 1 2 |  2.3
Maces & Flails | 1 2 |  2.3
Polearms       | 1 2 |  2.3
Staves         | 1 2 |  2.3
Slings         | 1 2 |  2.3
Bows           | 1 2 |  2.3
Throwing       | 1 2 |  2.3
Dodging        | 1 2 |  2.3
Unarmed Combat | 1 2 |  2.3
Spellcasting   | 1 2 |  2.3
Evocations     | 1 2 |  2.3
Conjurations   | 1 |  1.9
Hexes          | 1 |  1.9
Summonings     | 1 |  1.9
Necromancy     | 1 |  1.9
Translocations | 1 |  1.9
Transmutations | 1 |  1.9
Fire Magic     | 1 |  1.9
Ice Magic      | 1 |  1.9
Air Magic      | 1 |  1.9
Earth Magic    | 1 |  1.9
Poison Magic   | 1 |  1.9
Armour         | 3 |  3.5
Shields        | 3 |  3.5
Fighting       | 5 |  5.2
Stealth        | 3 |  3.4

Action                   |  1- 3 |  4- 6 |  7- 9 || total
-------------------------+-------+-------+-------++-------
Melee: Staff             |       |    27 |       ||    27
 Fire: Hand crossbow     |    49 |   158 |    43 ||   250
Invok: Potion Petition   |       |       |     1 ||     1
  Use: Potion            |       |     2 |     5 ||     7
       Scroll            |       |     3 |       ||     3
Armor: Leather armour    |       |    12 |     5 ||    17
       Skin              |       |    40 |       ||    40
Dodge: Dodged            |     2 |    42 |    39 ||    83
Block: Buckler           |     1 |    21 |     5 ||    27

Levels and vault maps discovered:
D:1:      kb_arrival_jail, layout_basic, shapermc_ecumenical_altar_notcrosses
D:2:      layout_loops_corners, basic_altar, uniq_jessica,
          uniq_crazy_yiuf_cottage
D:3:      layout_loops_ring, minmay_tree_intersection, solitary_fountain,
          st_stairs_3, serial_bayou_lagoon_a, uniq_robin
D:4:      layout_cave_pods, nemelex_dance_club_becter,
          mainiacjoe_overflow_catwalk, trog_three_pillars_becter,
          chequers_temple_overflow_minitemple, gup_sewer_entry_glass,
          grunt_decor_arrowhead, minmay_starry_boxes

Notes
Turn   | Place    | Note
-------+----------+-------------------------------------------
     0 | D:1      | Reached skill level 10 in Crossbows
     0 | D:1      | spaghetti the Gnoll Wanderer began the quest for the Orb.
     0 | D:1      | spaghetti set off with the following items: a +3 hand
                  | crossbow {crossbow}, a +0 buckler, a scroll of silence
                  | {!r}, a +0 leather armour
     0 | D:1      | Reached XP level 1. HP: 20/20 MP: 1/1
     0 | D:1      | magus.rc [v1.9.6]
     2 | D:1      | Noticed a formicid
     2 | D:1      | Noticed a merfolk
     4 | D:1      | Noticed a naga
     4 | D:1      | Noticed a demonspawn
     6 | D:1      | Noticed a gargoyle
     8 | D:1      | Noticed an elf
     8 | D:1      | Noticed a tengu
    10 | D:1      | Noticed a felid
    12 | D:1      | Noticed a vampire
    12 | D:1      | Noticed an ogre
    14 | D:1      | Noticed a minotaur
    14 | D:1      | Noticed a vine stalker
    16 | D:1      | Noticed a spriggan
    18 | D:1      | Noticed a draconian
    18 | D:1      | Noticed a troll
    20 | D:1      | Noticed a human
    20 | D:1      | Noticed an octopode
    22 | D:1      | Noticed a demigod
    24 | D:1      | Noticed a ghoul
    24 | D:1      | Noticed a dwarf
   121 | D:1      | Reached XP level 2. HP: 26/26 MP: 2/2
   376 | D:1      | Found a faded altar of an unknown god.
   537 | D:1      | Reached XP level 3. HP: 31/31 MP: 3/3
   836 | D:2      | Reached skill level 1 in Invocations
   909 | D:2      | Noticed Jessica
   912 | D:2      | Killed Jessica
   913 | D:2      | Reached skill level 1 in Short Blades
   913 | D:2      | Reached skill level 1 in Long Blades
   913 | D:2      | Reached skill level 1 in Axes
   913 | D:2      | Reached skill level 1 in Maces & Flails
   913 | D:2      | Reached skill level 1 in Polearms
   913 | D:2      | Reached skill level 1 in Staves
   913 | D:2      | Reached skill level 1 in Slings
   913 | D:2      | Reached skill level 1 in Bows
   913 | D:2      | Reached skill level 1 in Throwing
   913 | D:2      | Reached skill level 1 in Dodging
   913 | D:2      | Reached skill level 1 in Unarmed Combat
   913 | D:2      | Reached skill level 1 in Spellcasting
   913 | D:2      | Reached skill level 1 in Evocations
   913 | D:2      | Reached XP level 4. HP: 35/38 MP: 5/5
  1019 | D:2      | Found an opulent altar of Gozag.
  1065 | D:2      | Became a worshipper of Gozag Ym Sagoz the Greedy
  1121 | D:2      | Found a runed translucent door.
  1122 | D:2      | Noticed Crazy Yiuf
  1446 | D:2      | Reached skill level 1 in Conjurations
  1446 | D:2      | Reached skill level 1 in Hexes
  1446 | D:2      | Reached skill level 1 in Summonings
  1446 | D:2      | Reached skill level 1 in Necromancy
  1446 | D:2      | Reached skill level 1 in Translocations
  1446 | D:2      | Reached skill level 1 in Transmutations
  1446 | D:2      | Reached skill level 1 in Fire Magic
  1446 | D:2      | Reached skill level 1 in Ice Magic
  1446 | D:2      | Reached skill level 1 in Air Magic
  1446 | D:2      | Reached skill level 1 in Earth Magic
  1446 | D:2      | Reached skill level 1 in Poison Magic
  1453 | D:2      | You pick up a book of Frost and begin reading...
  1453 | D:2      | You add the spells Freeze, Frozen Ramparts and Hailstorm to
                  | your library.
  1466 | D:2      | Learned a level 3 spell: Frozen Ramparts
  1879 | D:3      | Reached XP level 5. HP: 43/43 MP: 6/6
  2129 | D:3      | Reached skill level 3 in Armour
  2129 | D:3      | Reached skill level 3 in Shields
  2130 | D:3      | Noticed Robin
  2154 | D:3      | Killed Robin
  2584 | D:4      | Found a burning altar of Makhleb.
  2616 | D:4      | Found a bloodstained altar of Trog.
  2803 | D:4      | Found a glowing drain.
  2852 | D:4      | You pick up a book of Weapons and begin reading...
  2852 | D:4      | You add the spells Portal Projectile, Excruciating Wounds
                  | and Blade Hands to your library.
  2906 | Sewer    | Entered a sewer
  2941 | Sewer    | Noticed a water moccasin
  2954 | Sewer    | Killed a water moccasin
  2955 | Sewer    | Reached skill level 5 in Fighting
  2955 | Sewer    | Reached skill level 2 in Short Blades
  2955 | Sewer    | Reached skill level 2 in Long Blades
  2955 | Sewer    | Reached skill level 2 in Axes
  2955 | Sewer    | Reached skill level 2 in Maces & Flails
  2955 | Sewer    | Reached skill level 2 in Polearms
  2955 | Sewer    | Reached skill level 2 in Staves
  2955 | Sewer    | Reached skill level 2 in Slings
  2955 | Sewer    | Reached skill level 2 in Bows
  2955 | Sewer    | Reached skill level 2 in Throwing
  2955 | Sewer    | Reached skill level 2 in Dodging
  2955 | Sewer    | Reached skill level 3 in Stealth
  2955 | Sewer    | Reached skill level 2 in Unarmed Combat
  2955 | Sewer    | Reached skill level 2 in Spellcasting
  2955 | Sewer    | Reached skill level 2 in Invocations
  2955 | Sewer    | Reached skill level 2 in Evocations
  2955 | Sewer    | Reached XP level 6. HP: 41/51 MP: 5/9
  3174 | D:4      | Reached XP level 7. HP: 45/56 MP: 7/10
  3397 | D:4      | Noticed a hornet
  3401 | D:4      | Paralysed by a hornet for 2 turns
  3409 | D:4      | HP: 8/56 [hornet (11)]
  3410 | D:4      | HP: 2/56 [gnoll/+0 halberd (3)]
  3414 | D:4      | Succumbed to a hornet's poison

Vanquished Creatures
  A water moccasin (Sewer)
  A necrophage (D:4)
  A howler monkey (D:4)
  A hound (D:4)
  Jessica (D:2)
  Robin (D:3)
  8 gnolls (D:4)
  8 adders
  A shadow imp (D:3)
  2 worms (D:2)
  2 dart slugs
  9 orcs
  5 endoplasms
  6 giant cockroaches
  15 goblins
  9 hobgoblins
  5 kobolds
  A quokka (D:3)
  9 ball pythons
  5 bats
  4 frilled lizards
  6 rats
101 creatures vanquished.

Vanquished Creatures (others)
  21 plants (D:3)
21 creatures vanquished.

Grand Total: 122 creatures vanquished

Table legend:
 A = Non-vault XP
 B = Vault XP
 C = Vault XP percentage of total XP
 D = Non-vault monster count
 E = Vault monster count
 F = Vault count percentage of total count
                 A         B        C        D         E       F
            +---------+---------+-------+---------+---------+-------
      Total |     404 |     366 |  47.5 |      71 |      30 |  29.7
            +---------+---------+-------+---------+---------+-------
        D:1 |      39 |       0 |   0.0 |      24 |       0 |   0.0
        D:2 |      52 |      37 |  41.6 |      12 |       1 |   7.7
        D:3 |      89 |      55 |  38.2 |      17 |      15 |  46.9
        D:4 |     224 |     122 |  35.3 |      18 |       9 |  33.3
      Sewer |       0 |     152 | 100.0 |       0 |       5 | 100.0
            +---------+---------+-------+---------+---------+-------

Illustrated notes

Table legend:
 A = Kills in this place as a percentage of kills in entire the game.
 B = Kills by you in this place as a percentage of kills by you in the entire game.
 C = Kills by friends in this place as a percentage of kills by friends in the entire game.
 D = Other kills in this place as a percentage of other kills in the entire game.
 E = Experience gained in this place as a percentage of experience gained in the entire game.
 F = Experience gained in this place divided by the number of levels of this place that you have seen.
                   A       B       C       D       E      F
               +-------+-------+-------+-------+-------+----------------------
         Total | 100.0 | 100.0 |   N/A |   N/A | 100.0 | 154.0
       Dungeon |  95.0 |  95.0 |   N/A |   N/A |  80.3 | 154.5
         Sewer |   5.0 |   5.0 |   N/A |   N/A |  19.7 | 152.0
               +-------+-------+-------+-------+-------+----------------------

Table legend: (Time is in decaauts)
 A = Elapsed time spent in this place.
 B = Non-inter-level travel time spent in this place.
 C = Inter-level travel time spent in this place.
 D = Time resting spent in this place.
 E = Time spent auto-exploring this place.
 F = Levels seen in this place.
 G = Mean time per level.
                   A        B        C        D        E       F      G
               +--------+--------+--------+--------+--------+-----+--------+
         Total |   3444 |   3342 |    102 |      0 |   2796 |   5 |  688.8 |
       Dungeon |   3288 |   3186 |    102 |      0 |   2682 |   4 |  822.0 |
         Sewer |    155 |    155 |      0 |      0 |    114 |   1 |  155.0 |
               +--------+--------+--------+--------+--------+-----+--------+

Top non-repeatable levels by time:
     D:2: 1036 daAuts
     D:3: 835 daAuts
     D:1: 709 daAuts
     D:4: 707 daAuts
   Sewer: 155 daAuts
